 Dungeon Crawl Stone Soup version 0.29.0-4-gdea44cf6ec (webtiles) character file.

Game seed: 16030831856710460782

24 qw the Firebug (level 3, 0/28 HPs)
             Began as a Ghoul Fire Elementalist on Aug 29, 2022.
             Slain by a ball python (1 damage)
             ... on level 1 of the Dungeon.
             The game lasted 00:00:58 (1099 turns).

qw the Firebug (Ghoul Fire Elementalist)            Turns: 1099, Time: 00:00:59

Health: 0/28       AC:  2    Str: 13    XL:     3   Next: 2%
Magic:  4/4        EV:  9    Int: 10    God:
Gold:   43         SH:  0    Dex:  9    Spells: 4/5 levels left

rFire   . . .      SeeInvis .     - Unarmed
rCold   + . .      Faith    .   (no shield)
rNeg    + + +      Spirit   .   a - +0 robe
rPois   inf        Reflect  .   (no helmet)
rElec   .          Harm     .   (no cloak)
rCorr   .          Rampage  .   (no gloves)
Will    .....                   (no boots)
Stlth   ++........              (no amulet)
HPRegen 0.00/turn               (no ring)
MPRegen 0.09/turn               (no ring)

@: inhibited regen, constricted
A: claws 1, cold resistance 1, negative energy resistance 3, inhibited
regeneration, torment resistance 2, devour on kill
a: no special abilities


You were on level 1 of the Dungeon.
You visited 1 branch of the dungeon, and saw 1 of its levels.

You collected 43 gold pieces.


Innate Abilities, Weirdness & Mutations

You are immune to poison.
You have sharp fingernails.
Your flesh is cold resistant. (rC+)
You are immune to negative energy. (rN+++)
You do not regenerate when monsters are visible.
You are immune to unholy pain and torment.
You thrive by killing the living.


   Skills:
 - Level 1.1 Fighting
 - Level 1.7 Dodging
 - Level 2.1 Stealth
 + Level 2.3 Unarmed Combat
 - Level 1.7 Spellcasting
 - Level 0.7 Conjurations
 - Level 2.4 Fire Magic


You had 4 spell levels left.
You knew the following spells:

 Your Spells              Type           Power      Damage    Failure   Level
a - Foxfire               Conj/Fire      16%        2x1d4     17%         1

Your spell library contained the following spells:

 Spells                   Type           Power      Damage    Failure   Level
 Scorch                   Fire           10%        2d6       19%         2
 Conjure Flame            Conj/Fire      4%         6-21      45%         3
 Inner Flame              Hex/Fire       3%         N/A       52%         3
 Flame Wave               Conj/Fire      4%         2d5       86%         4

Inventory:

Armour
 a - a +0 robe (worn)
 f - a +0 plate armour
Scrolls
 c - a scroll of teleportation {unknown}
 d - a scroll of fear {unknown}
 g - a scroll of magic mapping {unknown}
 h - a scroll of blinking {unknown}
Potions
 b - a potion of magic
 e - a potion of berserk rage {unknown}

Dungeon Overview and Level Annotations

Branches:
Dungeon (1/15)

Altars:


Message History

The bat closely misses you. The rat barely misses you.
The ball python closely misses you. The ball python constricts you.
The rat barely misses you. The hobgoblin barely misses you.
You scratch the ball python.
The ball python is heavily wounded.
The bat hits you but does no damage.
The ball python bites you but does no damage.
The ball python constricts you. The rat barely misses you.
The hobgoblin hits you but does no damage.
The rat bites you.
You barely miss the ball python.
The ball python is heavily wounded.
The bat closely misses you. The ball python barely misses you.
The ball python constricts you. The rat bites you.
The hobgoblin barely misses you. The rat bites you.
You barely miss the ball python.
The ball python is heavily wounded.
The ball python completely misses you.
The ball python bites you but does no damage.
The ball python constricts you. The rat bites you but does no damage.
The hobgoblin barely misses you. The rat bites you but does no damage.
You claw the ball python!
You kill the ball python!
The bat closely misses you.
The ball python bites you but does no damage.
The ball python grabs you. The ball python constricts you. The rat bites you.
The rat bites you but does no damage. The hobgoblin barely misses you.
You have reached level 3!
Your experience leads to an increase in your attributes!
Increase (S)trength, (I)ntelligence, or (D)exterity?
You feel stronger. x2
You closely miss the ball python.
The ball python bites you but does no damage.
The ball python constricts you. The rat bites you but does no damage.
The rat closely misses you.
The hobgoblin hits you but does no damage.
The hobgoblin hits you.
You scratch the ball python but do no damage.
The ball python bites you.
You die...

........# .b.
......... ........#
#... ########.
......... !.# #.
......... ... ##.
..$.....##.# # #..
........#.. ...#..
........b#####
#.....
.......grr...#
##....
.......S@###.######
###.. .......g.#
#......# ###
.........#
#.####.## #
......#..# #.# #..#
# ####.##..# #.#
##.###### #. #...
#.. #....... #.
#.#$ #.. ########
#. . #... # #...


You could see 2 hobgoblins, a bat, a ball python and 2 rats.

Vanquished Creatures
  4 ball pythons (D:1)
  4 endoplasms (D:1)
  A giant cockroach (D:1)
  A goblin (D:1)
  3 hobgoblins (D:1)
  A quokka (D:1)
  3 kobolds (D:1)
  3 rats (D:1)
20 creatures vanquished.

Notes
Turn   | Place    | Note
-------+----------+-------------------------------------------
     0 | D:1      | qw the Ghoul Fire Elementalist began the quest for the Orb.
     0 | D:1      | Reached XP level 1. HP: 14/14 MP: 2/2
     0 | D:1      | 0 ||| qw: Version: 0.1-a-90-g952f4b7
     0 | D:1      | 0 ||| qw: Game counter: 3663
     0 | D:1      | 0 ||| qw: Always use a shield: true
     0 | D:1      | 0 ||| qw: God list: Okawaru
     0 | D:1      | 0 ||| qw: Allow faded altars: false
     0 | D:1      | 0 ||| qw: Do Orc after D:15 true
     0 | D:1      | 0 ||| qw: Do second Lair branch before Depths: true
     0 | D:1      | 0 ||| qw: Lair rune preference: random
     0 | D:1      | 0 ||| qw: Plans: Normal
     0 | D:1      | 0 ||| PLANNING D:1-11
    43 | D:1      | HP: 3/14 [hobgoblin (1)]
    46 | D:1      | 46 ||| Stepping ~*~*~tactically~*~*~ (outnumbered).
    47 | D:1      | 47 ||| Stepping ~*~*~tactically~*~*~ (outnumbered).
    48 | D:1      | 48 ||| Stepping ~*~*~tactically~*~*~ (outnumbered).
    50 | D:1      | HP: 3/14 [kobold/+0 short sword (1)]
    54 | D:1      | Reached skill level 1 in Unarmed Combat
    55 | D:1      | HP: 1/14 [hobgoblin (2)]
   375 | D:1      | Reached XP level 2. HP: 19/22 MP: 3/3
   386 | D:1      | 386 ||| Stepping ~*~*~tactically~*~*~ (stealth).
   387 | D:1      | 387 ||| Stepping ~*~*~tactically~*~*~ (stealth).
   390 | D:1      | 390 ||| Stepping ~*~*~tactically~*~*~ (stealth).
   419 | D:1      | 419 ||| Stepping ~*~*~tactically~*~*~ (stealth).
   428 | D:1      | Reached skill level 1 in Fighting
   446 | D:1      | 446 ||| Stepping ~*~*~tactically~*~*~ (stealth).
   615 | D:1      | 615 ||| Stepping ~*~*~tactically~*~*~ (stealth).
   617 | D:1      | 617 ||| Stepping ~*~*~tactically~*~*~ (stealth).
   619 | D:1      | Found a faded altar of an unknown god.
   866 | D:1      | 866 ||| Stepping ~*~*~tactically~*~*~ (stealth).
   867 | D:1      | 867 ||| Stepping ~*~*~tactically~*~*~ (stealth).
   868 | D:1      | 868 ||| Stepping ~*~*~tactically~*~*~ (stealth).
   870 | D:1      | 870 ||| Stepping ~*~*~tactically~*~*~ (stealth).
   873 | D:1      | 873 ||| Stepping ~*~*~tactically~*~*~ (stealth).
   875 | D:1      | 875 ||| Stepping ~*~*~tactically~*~*~ (stealth).
   876 | D:1      | 876 ||| Stepping ~*~*~tactically~*~*~ (stealth).
   877 | D:1      | 877 ||| Stepping ~*~*~tactically~*~*~ (stealth).
  1069 | D:1      | 1069 ||| Stepping ~*~*~tactically~*~*~ (stealth).
  1071 | D:1      | 1071 ||| Stepping ~*~*~tactically~*~*~ (stealth).
  1075 | D:1      | 1075 ||| Stepping ~*~*~tactically~*~*~ (stealth).
  1090 | D:1      | 1090 ||| Stepping ~*~*~tactically~*~*~ (outnumbered).
  1097 | D:1      | HP: 5/23 [constriction (1)]
  1097 | D:1      | HP: 2/23 [rat (3)]
  1098 | D:1      | Reached XP level 3. HP: 3/28 MP: 4/4
  1099 | D:1      | Slain by a ball python

Levels and vault maps discovered:
D:1:      lightli_molten_gateway, layout_rooms, chequers_ecumenical_altar_simple

Skill      XL: |  1  2 |
---------------+-------+-----
Unarmed Combat | 1 2 |  2.3
Fighting       | 1 |  1.1
Dodging        | |  1.7
Stealth        | |  2.1
Spellcasting   | |  1.7
Conjurations   | |  0.7
Fire Magic     | |  2.4

Action                   || total
-------------------------++-------
Melee: Unarmed           ||    83
Armor: Robe              ||    18
Dodge: Dodged            ||    59

Table legend:
 A = Non-vault XP
 B = Vault XP
 C = Vault XP percentage of total XP
 D = Non-vault monster count
 E = Vault monster count
 F = Vault count percentage of total count
                 A         B        C        D         E       F
            +---------+---------+-------+---------+---------+-------
      Total |      35 |       0 |   0.0 |      20 |       0 |   0.0
            +---------+---------+-------+---------+---------+-------
        D:1 |      35 |       0 |   0.0 |      20 |       0 |   0.0
            +---------+---------+-------+---------+---------+-------
